 Dungeon Crawl Stone Soup version 0.31-a0-233-g139696dc86 (webtiles) character file.

Game seed: 16560557756379931238

76 protoss039 the Digger (level 4, -8/33 HPs)
             Began as a Demonspawn Earth Elementalist on July 9, 2023.
             Mangled by an iguana (14 damage)
             ... on level 4 of the Dungeon.
             The game lasted 00:04:29 (2427 turns).

protoss039 the Digger (DsEE)                        Turns: 2427, Time: 00:04:30

Health: -8/33      AC:  2    Str:  9    XL:     4   Next: 12%
Magic:  0/8        EV: 11    Int: 18    God:
Gold:   141        SH:  7    Dex: 13    Spells: 2/8 levels left

rFire   + + .        o - +0 dagger
rCold   . . .        s - +0 buckler "Erchycob" {rPois rF+ rN+}
rNeg    + . .        a - +0 robe
rPois   +            (no helmet)
rElec   .            (no cloak)
rCorr   .            (no gloves)
SInv    .            (no boots)
Will    .....        k - amulet of the acrobat
Stlth   ++           d - ring of protection from cold
HPRegen 0.25/turn    j - ring of fire
MPRegen 0.11/turn

%: acrobat
@: very slightly contaminated
A: large bone plates 1, demonic touch 1
a: no special abilities


You were on level 4 of the Dungeon.
You visited 1 branch of the dungeon, and saw 4 of its levels.

You collected 141 gold pieces.

Inventory:

Hand Weapons
 o - a +0 dagger (weapon)
Missiles
 n - 22 poisoned darts
Armour
 a - a +0 robe (worn)
 s - the +0 buckler "Erchycob" (worn) {rPois rF+ rN+}
   (You found it on level 2 of the Dungeon)

   rF:        It protects you from fire.
   rPois:     It protects you from poison.
   rN:        It protects you from negative energy.
Jewellery
 d - a ring of protection from cold (left hand)
 j - a ring of fire (right hand)
 k - an amulet of the acrobat (around neck)
 l - a ring of protection from cold
 p - a ring of willpower
Scrolls
 c - a scroll of noise {unknown}
 g - a scroll of fog {unknown}
 h - a scroll of immolation {unknown}
 q - a scroll of enchant armour {unknown}
 u - a scroll of brand weapon {unknown}
Potions
 b - a potion of magic
 e - 2 potions of curing {unknown}
 f - a potion of attraction {unknown}
 i - 3 potions of heal wounds {unknown}
 m - a potion of brilliance {unknown}
 r - a potion of haste {unknown}
 t - a potion of might {unknown}
 v - a potion of invisibility {unknown}
 w - a potion of lignification {unknown}
 x - a potion of enlightenment {unknown}


   Skills:
 + Level 1.9 Fighting
 - Level 1.7 Dodging
 - Level 1.7 Stealth
 * Level 0.9 Shields
 + Level 2.6 Spellcasting
 + Level 0.4 Conjurations
 - Level 0.8 Transmutations
 + Level 3.2 Earth Magic


You had 2 spell levels left.
You knew the following spells:

 Your Spells              Type           Power      Damage    Failure   Level
a - Sandblast             Erth           28%        2d8       7%          1
b - Passwall              Tmut/Erth      7%         N/A       17%         2
c - Stone Arrow           Conj/Erth      18%        3d8       36%         3

Your spell library contained the following spells:

 Spells                   Type           Power      Damage    Failure   Level
 Shock                    Conj/Air       12%        1d3       24%         1
 Freeze                   Ice            8%         1d3       26%         1
 Hailstorm                Conj/Ice       3%         3d3       58%         3
 Frozen Ramparts          Ice            4%         1d1       61%         3
 Swiftness                Air            2%         N/A       61%         3
 Petrify                  Tmut/Erth      9%         N/A       75%         4
 Airstrike                Air            1%         2d(1-17)  95%         4


Dungeon Overview and Level Annotations

Branches:
Dungeon (4/15) Zot: 21540
 Temple: D:4-7

Altars:
Okawaru
Uskayaw

Annotations:
D:4 Dowan, Duvessa


Innate Abilities, Weirdness & Mutations

You are partially covered in large bone plates. (SH +4)
Your touch may inflict minor irresistible damage on your foes.


Message History

Unknown command.
Casting: Sandblast (safe; 7% risk of failure)
Confirm with . or Enter, or press ? or * to list all spells.
Aiming: Sandblast (safe; 7% risk of failure)
Press: ? - help, Shift-Dir - straight line, f/p - iguana
Aim: an iguana (severely wounded, 84% to hit)
The blast of sand hits the iguana but does no damage.
The iguana is severely wounded.
The iguana barely misses you. The goblin closely misses you.
You block the goblin's attack. The iguana misses you.
Casting: Sandblast (safe; 7% risk of failure)
Confirm with . or Enter, or press ? or * to list all spells.
Aiming: Sandblast (safe; 7% risk of failure)
Press: ? - help, Shift-Dir - straight line, f/p - iguana
Aim: an iguana (severely wounded, 84% to hit)
You miscast Sandblast.
You are very lightly contaminated with residual magic.
Nothing appears to happen.
The iguana bites you. The goblin hits you with a +0 dagger.
* * * LOW HITPOINT WARNING * * *
Unknown command.
Casting: Sandblast (safe; 7% risk of failure)
Confirm with . or Enter, or press ? or * to list all spells.
Aiming: Sandblast (safe; 7% risk of failure)
Press: ? - help, Shift-Dir - straight line, f/p - iguana
Aim: an iguana (severely wounded, 84% to hit)
You miscast Sandblast.
Nothing appears to happen.
You block the iguana's attack. The goblin hits you with a +0 dagger.
* * * LOW HITPOINT WARNING * * *
The kobold barely misses you.
Unknown command.
Casting: Sandblast (safe; 7% risk of failure)
Confirm with . or Enter, or press ? or * to list all spells.
Aiming: Sandblast (safe; 7% risk of failure)
Press: ? - help, Shift-Dir - straight line, f/p - iguana
Aim: an iguana (severely wounded, 84% to hit)
The blast of sand hits the iguana but does no damage.
The iguana is severely wounded.
The iguana bites you!
You die...

#####...##.#.# #
........>...).# #..... #
.........#..#.##.. ... #
.......#.#....##.###.###
...).....#.#..##.##..#..
.........#.#.....##..#..
..............#..##.....
......l..####.g..##..#.#
####.K@.# #.....##.....
#.g..# #.###.##.##..
........# #. #....####
.......... #.....#..# #
...........#######..# #
...!..##...# ....###
...... #...# #.##g...#
###### #...# ##. ......
#...# ...#.e..!


You could see an iguana, a goblin and a kobold.

Vanquished Creatures
  2 adders (D:3)
  A worm (D:2)
  7 endoplasms
  2 giant cockroaches (D:3)
  6 goblins
  3 hobgoblins
  2 jackals (D:1)
  3 kobolds
  4 quokkas
  3 ball pythons
  6 bats
  2 frilled lizards (D:3)
  9 rats
50 creatures vanquished.

Notes
Turn   | Place    | Note
-------+----------+-------------------------------------------
     0 | D:1      | protoss039 the Demonspawn Earth Elementalist began the
                  | quest for the Orb.
     0 | D:1      | Reached XP level 1. HP: 13/13 MP: 3/3
   333 | D:1      | Gained mutation: Your touch may inflict minor irresistible
                  | damage on your foes. [demonic ancestry]
   333 | D:1      | Reached XP level 2. HP: 20/20 MP: 1/5
   571 | D:1      | Reached skill level 1 in Fighting
   607 | D:1      | Reached skill level 3 in Earth Magic
   953 | D:2      | Learned a level 2 spell: Passwall
  1033 | D:2      | Reached XP level 3. HP: 25/26 MP: 2/6
  1253 | D:2      | Identified the +0 buckler "Erchycob" {rPois rF+ rN+}
  1541 | D:2      | Learned a level 3 spell: Stone Arrow
  1908 | D:3      | Gained mutation: You are partially covered in large bone
                  | plates. (SH +4) [demonic ancestry]
  1908 | D:3      | Reached XP level 4. HP: 33/33 MP: 2/8
  1957 | D:3      | Found a hide-covered altar of Uskayaw.
  2077 | D:3      | Found a faded altar of an unknown god.
  2197 | D:3      | Found an iron altar of Okawaru.
  2311 | D:4      | Noticed Dowan
  2312 | D:4      | Noticed Duvessa
  2427 | D:4      | Mangled by an iguana

Illustrated notes

Levels and vault maps discovered:
D:1:      spicycebolla_green_bress_n_ham, layout_loops_ring
D:2:      cheibrodos_old_hovel, layout_rooms
D:3:      layout_basic, eat_drink_and_be_merry_uskayaw,
          nicolae_overflow_ecumenical_swirl, nrook_loot_triangle,
          minmay_misc_feat_x
D:4:      layout_basic, minmay_temple_entry_overgrown, uniq_duvessa

Skill      XL: |  1  2 |
---------------+-------+-----
Fighting       | 1 |  1.9
Earth Magic    | 3 |  3.2
Dodging        | |  1.7
Stealth        | |  1.7
Shields        | |  0.9
Spellcasting   | |  2.6
Conjurations   | |  0.4
Transmutations | |  0.8

Action                     |  1- 3 |  4- 6 || total
---------------------------+-------+-------++-------
  Melee: Dagger            |    13 |     4 ||    17
         Club              |     3 |       ||     3
         Touch             |     2 |       ||     2
   Cast: Sandblast         |    55 |    11 ||    66
   Stab: Sleeping          |     2 |       ||     2
 Armour: Robe              |    10 |     1 ||    11
  Dodge: Dodged            |    30 |     8 ||    38
  Block: Buckler           |     3 |     5 ||     8

Table legend: (Time is in decaauts)
 A = Elapsed time spent in this place.
 B = Non-inter-level travel time spent in this place.
 C = Inter-level travel time spent in this place.
 D = Time resting spent in this place.
 E = Time spent auto-exploring this place.
 F = Levels seen in this place.
 G = Mean time per level.
                   A        B        C        D        E       F      G
               +--------+--------+--------+--------+--------+-----+--------+
         Total |   2458 |   2292 |    166 |     39 |   1823 |   4 |  614.5 |
       Dungeon |   2458 |   2292 |    166 |     39 |   1823 |   4 |  614.5 |
               +--------+--------+--------+--------+--------+-----+--------+

Top non-repeatable levels by time:
     D:1: 957 daAuts
     D:3: 819 daAuts
     D:2: 600 daAuts
     D:4: 79 daAuts
